 Dungeon Crawl Stone Soup version 0.24-a0-235-g3f03afc (webtiles) character file.

Game seed: 17423352739497231183

823 Azzok the Insei (level 7, -1/53 HPs)
             Began as a Gnoll Transmuter on Apr 6, 2019.
             Slain by an iguana (13 damage)
             ... on level 5 of the Dungeon.
             The game lasted 00:07:32 (5416 turns).

Azzok the Insei (Gnoll Transmuter)                  Turns: 5416, Time: 00:07:33

Health: -1/53      AC:  7    Str: 12    XL:     7   Next: 96%
Magic:  24/24      EV: 15    Int: 17    God:
Gold:   213        SH:  0    Dex: 16    Spells: 13/17 levels left

rFire    . . .     SeeInvis .     - Unarmed
rCold    . . .     Gourm    .   (no shield)
rNeg     . . .     Faith    .   i - +2 animal skin
rPois    .         Spirit   .   h - +0 helmet
rElec    .         Reflect  .   u - +1 cloak
rCorr    .         Harm     .   (no gloves)
MR       .....                  (no boots)
Stlth    ++........             (no amulet)
HPRegen  0.17/turn              b - ring of magical power
MPRegen  0.19/turn              (no ring)

@: no status effects
A: distributed training, fangs 1, strong nose
a: no special abilities


You were on level 5 of the Dungeon.
You were not hungry.

You visited 1 branch of the dungeon, and saw 5 of its levels.

You collected 213 gold pieces.

Inventory:

Missiles
 a - 112 arrows
Armour
 h - a +0 helmet (worn)
 i - a +2 animal skin (worn)
 u - a +1 cloak (worn)
Magical Staves
 t - an uncursed staff of wizardry
Jewellery
 b - a ring of magical power (left hand)
 s - an uncursed ring of magical power
Wands
 q - a wand of flame (29)
Scrolls
 e - 5 scrolls of identify {unknown}
 j - a scroll of random uselessness {unknown}
 k - 5 scrolls of teleportation {unknown}
 l - 4 scrolls of remove curse {unknown}
 o - a scroll of blinking {unknown}
Potions
 c - a potion of flight {unknown}
 f - 2 potions of invisibility {unknown}
 g - 3 potions of curing {unknown}
 m - 2 potions of lignification {unknown}
 n - a potion of might {unknown}
 p - 2 potions of heal wounds {unknown}
 v - 2 potions of haste {unknown}
 w - a potion of magic {unknown}
Comestibles
 d - 7 rations


   Skills:
 + Level 3.8 Fighting
 + Level 2.7 Short Blades
 + Level 2.7 Long Blades
 + Level 2.7 Axes
 + Level 2.7 Maces & Flails
 + Level 2.7 Polearms
 + Level 2.7 Staves
 + Level 2.7 Slings
 + Level 2.7 Bows
 + Level 2.7 Crossbows
 + Level 2.7 Throwing
 + Level 2.7 Armour
 + Level 5.4 Dodging
 + Level 2.7 Stealth
 + Level 2.7 Shields
 + Level 7.1 Unarmed Combat
 + Level 5.7 Spellcasting
 + Level 2.2 Conjurations
 + Level 2.2 Hexes
 + Level 2.2 Charms
 + Level 2.2 Summonings
 + Level 2.2 Necromancy
 + Level 2.2 Translocations
 + Level 4.4 Transmutations
 + Level 2.2 Fire Magic
 + Level 2.2 Ice Magic
 + Level 2.2 Air Magic
 + Level 2.2 Earth Magic
 + Level 2.2 Poison Magic
 + Level 3.0 Invocations
 + Level 2.7 Evocations


You had 13 spell levels left.
You knew the following spells:

 Your Spells              Type           Power        Failure   Level  Hunger
a - Beastly Appendage     Tmut           ###...       2%          1    None
b - Spider Form           Tmut/Pois      ###.......   10%         3    ##.....

Your spell library contained the following spells:

 Spells                   Type           Power        Failure   Level  Hunger
 Sticks to Snakes         Tmut           ###.....     3%          2    #......
 Ice Form                 Ice/Tmut       ###.....     32%         4    ####...
 Blade Hands              Tmut           ###.......   52%         5    ######.


Dungeon Overview and Level Annotations

Branches:
Dungeon (5/15)
 Temple: D:4-7

Altars:
Ashenzari
Nemelex Xobeh
Okawaru
Ru
Trog
Vehumet


Innate Abilities, Weirdness & Mutations

Your experience applies equally to all skills.
You have very sharp teeth.
Your uncanny sense of smell can sniff out nearby items.


Message History

The iguana bites you.
You hit the iguana but do no damage.
The iguana is heavily wounded.
The iguana barely misses you.
You closely miss the iguana.
The iguana is heavily wounded.
The iguana bites you.
You barely miss the iguana.
The iguana is heavily wounded.
You hit the iguana but do no damage.
The iguana is heavily wounded.
The iguana closely misses you.
You hit the iguana.
The iguana is heavily wounded.
The iguana bites you!
* * * LOW HITPOINT WARNING * * *
You hit the iguana.
The iguana is severely wounded.
The iguana bites you!
You die...

▒▒▒▒▒▒▒ ▒·····▒
▒▒▒·▒▒▒·▒ ∆
╬>▒·▒ ▒·▒ ▒l▒·▒
▒·▒ ▒·@·▒ ▒·▒
····▒▒▒▒▒ ▒·▒
····▒ ▒·▒ ▒···▒
▒·▒ ▒···▒ ▒·▒
▒···▒ ▒·▒
▒▒▒▒···▒▒▒ ▒·▒
▒········▒ ▒·▒
▒········▒▒▒▒·▒


You could see an iguana.

Vanquished Creatures
  A sky beast (D:5)
  A phantom (D:4)
  Purgy (D:3)
  An ogre (D:4)
  A scorpion (D:4)
  A hound (D:4)
  An iguana (D:4)
  Natasha (D:3)
  7 worker ants
  Robin (D:2)
  4 adders
  5 oozes
  4 worms (D:2)
  A dart slug (D:2)
  3 leopard geckos
  2 orcs (D:4)
  8 giant cockroaches
  11 goblins
  9 hobgoblins
  5 jackals
  4 quokkas
  2 ball pythons
  10 bats
  3 frilled lizards
  6 kobolds
  A leopard gecko skeleton (D:4)
  10 rats
104 creatures vanquished.

Notes
Turn   | Place    | Note
-------+----------+-------------------------------------------
     0 | D:1      | Azzok the Gnoll Transmuter began the quest for the Orb.
     0 | D:1      | Reached XP level 1. HP: 17/17 MP: 6/6
   138 | D:1      | Reached XP level 2. HP: 20/23 MP: 7/7
   739 | D:1      | Reached skill level 5 in Spellcasting
   739 | D:1      | Reached XP level 3. HP: 18/28 MP: 7/9
   927 | D:2      | Noticed Robin
  1183 | D:2      | Killed Robin
  1183 | D:2      | Reached skill level 1 in Invocations
  1416 | D:2      | Found an iron altar of Okawaru.
  1416 | D:2      | Found a sacrificial altar of Ru.
  1423 | D:2      | Reached skill level 1 in Short Blades
  1423 | D:2      | Reached skill level 1 in Long Blades
  1423 | D:2      | Reached skill level 1 in Axes
  1423 | D:2      | Reached skill level 1 in Maces & Flails
  1423 | D:2      | Reached skill level 1 in Polearms
  1423 | D:2      | Reached skill level 1 in Staves
  1423 | D:2      | Reached skill level 1 in Slings
  1423 | D:2      | Reached skill level 1 in Bows
  1423 | D:2      | Reached skill level 1 in Crossbows
  1423 | D:2      | Reached skill level 1 in Throwing
  1423 | D:2      | Reached skill level 1 in Armour
  1423 | D:2      | Reached skill level 1 in Stealth
  1423 | D:2      | Reached skill level 1 in Shields
  1423 | D:2      | Reached skill level 1 in Evocations
  1497 | D:2      | Found a shattered altar of Ashenzari.
  1584 | D:2      | Reached XP level 4. HP: 25/34 MP: 11/11
  2177 | D:2      | Found a faded altar of an unknown god.
  2377 | D:2      | Reached skill level 1 in Conjurations
  2377 | D:2      | Reached skill level 1 in Hexes
  2377 | D:2      | Reached skill level 1 in Charms
  2377 | D:2      | Reached skill level 1 in Summonings
  2377 | D:2      | Reached skill level 1 in Necromancy
  2377 | D:2      | Reached skill level 1 in Translocations
  2377 | D:2      | Reached skill level 1 in Fire Magic
  2377 | D:2      | Reached skill level 1 in Ice Magic
  2377 | D:2      | Reached skill level 1 in Air Magic
  2377 | D:2      | Reached skill level 1 in Earth Magic
  2377 | D:2      | Reached skill level 1 in Poison Magic
  2745 | D:2      | Learned a level 3 spell: Spider Form
  2863 | D:3      | Reached XP level 5. HP: 22/40 MP: 8/12
  3645 | D:3      | Noticed Purgy
  3656 | D:3      | Killed Purgy
  3656 | D:3      | Reached XP level 6. HP: 38/47 MP: 13/13
  3801 | D:3      | Noticed Natasha
  3806 | D:3      | Killed Natasha
  4174 | D:4      | Reached skill level 5 in Dodging
  4179 | D:4      | Found a radiant altar of Vehumet.
  4346 | D:4      | Noticed a phantom
  4352 | D:4      | Reached XP level 7. HP: 52/52 MP: 15/15
  4377 | D:4      | Reached skill level 7 in Unarmed Combat
  4774 | D:4      | Found a bloodstained altar of Trog.
  5167 | D:4      | Found a sparkling altar of Nemelex Xobeh.
  5204 | D:5      | Entered Level 5 of the Dungeon
  5416 | D:5      | Slain by an iguana

Levels and vault maps discovered:
D:1:      tarquinn_simple_flora_water_d, layout_basic
D:2:      layout_basic, minitemple, chequers_ecumenical_altar_island,
          first_ration, uniq_robin
D:3:      layout_basic, uniq_purgy, uniq_natasha
D:4:      layout_cave_pools, vehumet_altar_wand_db, bloody_trog,
          nemelex_dance_club_becter
D:5:      layout_basic, marbit_many_paths, minmay_temple_entry_enclosed_plants

Skill      XL: |  1  2  3  4  5  6  7 |
---------------+----------------------+-----
Spellcasting   | 5 |  5.7
Invocations    | 1 2 3 |  3.0
Short Blades   | 1 2 |  2.7
Long Blades    | 1 2 |  2.7
Axes           | 1 2 |  2.7
Maces & Flails | 1 2 |  2.7
Polearms       | 1 2 |  2.7
Staves         | 1 2 |  2.7
Slings         | 1 2 |  2.7
Bows           | 1 2 |  2.7
Crossbows      | 1 2 |  2.7
Throwing       | 1 2 |  2.7
Armour         | 1 2 |  2.7
Stealth        | 1 2 |  2.7
Shields        | 1 2 |  2.7
Evocations     | 1 2 |  2.7
Conjurations   | 1 2 |  2.2
Hexes          | 1 2 |  2.2
Charms         | 1 2 |  2.2
Summonings     | 1 2 |  2.2
Necromancy     | 1 2 |  2.2
Translocations | 1 2 |  2.2
Fire Magic     | 1 2 |  2.2
Ice Magic      | 1 2 |  2.2
Air Magic      | 1 2 |  2.2
Earth Magic    | 1 2 |  2.2
Poison Magic   | 1 2 |  2.2
Fighting       | 3 |  3.8
Transmutations | 4 |  4.4
Dodging        | 5 |  5.4
Unarmed Combat | 7 |  7.1

Action                   |  1- 3 |  4- 6 |  7- 9 || total
-------------------------+-------+-------+-------++-------
Melee: Unarmed           |    96 |   162 |   103 ||   361
       Bite              |     9 |     9 |     6 ||    24
       Kick              |     4 |       |       ||     4
       Punch             |     2 |     6 |     5 ||    13
 Cast: Beastly Appendage |     2 |       |       ||     2
       Spider Form       |       |     5 |     1 ||     6
 Stab: Sleeping          |     1 |     9 |     5 ||    15
       Distracted        |     1 |       |       ||     1
  Eat: Chunk             |     2 |     6 |     3 ||    11
       Ration            |       |     1 |       ||     1
Armor: Robe              |    10 |       |       ||    10
       Animal skin       |     5 |    18 |    10 ||    33
Dodge: Dodged            |    62 |   121 |    56 ||   239

Table legend:
 A = Non-vault XP
 B = Vault XP
 C = Vault XP percentage of total XP
 D = Non-vault monster count
 E = Vault monster count
 F = Vault count percentage of total count
                 A         B        C        D         E       F
            +---------+---------+-------+---------+---------+-------
      Total |     977 |     199 |  16.9 |      92 |      12 |  11.5
            +---------+---------+-------+---------+---------+-------
        D:1 |      39 |       4 |   9.3 |      18 |       2 |  10.0
        D:2 |      78 |      23 |  22.8 |      32 |       5 |  13.5
        D:3 |      83 |     160 |  65.8 |      19 |       2 |   9.5
        D:4 |     637 |      12 |   1.8 |      21 |       3 |  12.5
        D:5 |     140 |       0 |   0.0 |       2 |       0 |   0.0
            +---------+---------+-------+---------+---------+-------
